 Dungeon Crawl Stone Soup version 0.23.0-3-gf3c87f2 (webtiles) character file.

Game seed: 6389345235555700928

57 dvd the Cudgeler (level 4, 0/28 HPs)
             Began as a Gargoyle Monk on Feb 23, 2019.
             Killed from afar by Natasha (4 damage)
             ... with a magic dart
             ... on level 2 of the Dungeon.
             The game lasted 00:02:24 (890 turns).

dvd the Cudgeler (Gargoyle Monk)                     Turns: 890, Time: 00:02:24

Health: 0/28       AC:  6    Str: 16    XL:     4   Next: 0%
Magic:  4/4        EV: 12    Int: 10    God:
Gold:   140        SH:  0    Dex: 12    Spells: 3/3 levels left

rFire    . . .     SeeInvis .   a - +0 mace
rCold    . . .     Gourm    .   (no shield)
rNeg     + . .     Faith    .   l - +0 leather armour
rPois    ∞         Spirit   .   (no helmet)
rElec    +         Reflect  .   (no cloak)
rCorr    .         Harm     .   (no gloves)
MR       .....                  (no boots)
Stlth    ++........             (no amulet)
HPRegen  0.09/turn              (no ring)
MPRegen  0.09/turn              (no ring)

@: slowed, very slow
A: negative energy resistance 1, electricity resistance, unbreathing,
petrification resistance, rot immunity, AC +3
a: no special abilities


You were on level 2 of the Dungeon.
You were not hungry.

You visited 1 branch of the dungeon, and saw 2 of its levels.

You collected 140 gold pieces.

Inventory:

Hand Weapons
 a - a +0 mace (weapon)
Missiles
 d - 6 javelins (quivered)
Armour
 b - a +0 robe
 l - a +0 leather armour (worn)
Scrolls
 e - a scroll of magic mapping {unknown}
 h - a scroll of blinking {unknown}
 i - a scroll of identify {unknown}
 j - a scroll of remove curse {unknown}
 m - a scroll of amnesia {unknown}
Potions
 g - a potion of heal wounds {unknown}
 k - a potion of cancellation {unknown}
Comestibles
 c - 5 rations
 f - 4 chunks of flesh


   Skills:
 + Level 3.5 Fighting
 + Level 3.7 Maces & Flails
 + Level 3.1 Dodging
 + Level 2.4 Stealth


You had 3 spell levels left.
You didn't know any spells.
Your spell library was empty.

Dungeon Overview and Level Annotations

Branches:
Dungeon (2/15)

Altars:

Annotations:
D:2 Natasha


Innate Abilities, Weirdness & Mutations

You are resistant to torment.
Your stone body is resilient. (AC +3)
You are immune to poison.
You resist negative energy. (rN+)
You are resistant to electric shocks. (rElec)
You can survive without breathing.
You are immune to petrification.
You are immune to rotting.


Message History

You completely miss Natasha.
Natasha is severely wounded.
The jackal misses you. Natasha claws you!
* * * LOW HITPOINT WARNING * * *
The goblin hits you.
* * * LOW HITPOINT WARNING * * *
The jackal bites you but does no damage.
Natasha casts a spell at you.
You feel as though you will be slow longer.
The goblin hits you but does no damage.
The jackal bites you but does no damage.
You closely miss Natasha.
Natasha is severely wounded.
Natasha closely misses you. The jackal barely misses you.
Natasha casts a spell at you. You resist with some effort.
The goblin barely misses you.
The jackal bites you but does no damage.
Natasha casts a spell at you. The magic dart hits you.
You die...

..#. #...#....).......#
⌠.## ##.⌠......#.......#
.w.# #....######....##.#
...###...## #......##.#
....#....# #.#....##.#
#.......##.###.##.####.#
#.<.⌠.<.# ........####.#
#?......# ## #...÷...#
....#....# #@......#
...###...##....hhg....##
...# #....#...%.......#
⌠.## #.⌠.'.#.........#
.. ...#...#.......# +#
#...........#
#.########### ..


You could see Natasha, a jackal and a goblin.

Vanquished Creatures
  Natasha (D:2)
  A worm (D:2)
  A dart slug (D:2)
  2 leopard geckos (D:1)
  5 hobgoblins (D:1)
  3 bats (D:1)
  3 frilled lizards (D:1)
  4 goblins
  3 kobolds
  4 rats
27 creatures vanquished.

Notes
Turn   | Place    | Note
-------+----------+-------------------------------------------
     0 | D:1      | dvd the Gargoyle Monk began the quest for the Orb.
     0 | D:1      | Reached XP level 1. HP: 14/14 MP: 1/1
    76 | D:1      | Reached XP level 2. HP: 16/19 MP: 2/2
   797 | D:2      | Reached XP level 3. HP: 21/23 MP: 3/3
   833 | D:2      | Noticed Natasha
   843 | D:2      | Killed Natasha
   875 | D:2      | Reached XP level 4. HP: 22/28 MP: 4/4
   879 | D:2      | Noticed Natasha
   890 | D:2      | Killed from afar by Natasha

Skill      XL: |  1  2 |
---------------+-------+-----
Dodging        | 3 |  3.1
Fighting       | |  3.5
Maces & Flails | |  3.7
Stealth        | |  2.4

Action                   |  1- 3 |  4- 6 || total
-------------------------+-------+-------++-------
Melee: Mace              |    81 |     8 ||    89
Throw: Javelin           |     5 |       ||     5
Armor: Robe              |    27 |       ||    27
       Leather armour    |       |    10 ||    10
Dodge: Dodged            |    85 |    13 ||    98
